Map: [ESL] Moondance

Players

Neeb

  • Race: Protoss Protoss
  • League: Master
  • Spawn Location: 6:00

Astrea - Winner!

  • Race: Protoss Protoss
  • League: Master
  • Spawn Location: 12:00

Event: HomeStory Cup XXI

VOD

Have the link to the VOD?

Description

Time

  • Played on: July 24, 2022, 7:58 a.m.
  • Length: 9:40

All games in this series

Show
View Real Time Build Order
Export as new Build Order

Neeb Protoss 

Build Orders: Oracle Opening 

Get SALT Encoding   

  12  0:00  Probe  
  13  0:12  Probe  
  14  0:16  Pylon  
  14  0:24  Probe (Chrono Boost)  
  15  0:36  Probe (Chrono Boost), Gateway  
  16  0:44  Probe (Chrono Boost)  
  16  0:45  Assimilator  
  17  0:50  Probe  
  17  0:54  Assimilator  
  18  1:03  Probe (Chrono Boost)  
  19  1:07  Gateway  
  20  1:12  Probe (Chrono Boost)  
  20  1:17  Probe (Chrono Boost)  
  20  1:24  Cybernetics Core  
  21  1:29  Probe  
  22  1:34  Pylon  
  22  1:41  Probe  
  23  1:53  Probe  
  24  2:01  Stargate  
  24  2:05  Stalker, Pylon  
  26  2:21  Warp Gate  
  26  2:23  Probe  
  28  2:42  Oracle (Chrono Boost)  
  28  2:48  Nexus  
  28  2:49  Probe  
  30  2:58  Pylon  
  30  3:01  Probe  
  31  3:10  Twilight Council  
  31  3:16  Probe  
  31  3:18  Stalker  
  34  3:28  Stalker, Probe  
  27  3:56  Probe  
  27  4:03  Probe (Chrono Boost)  
  27  4:08  Probe (Chrono Boost)  
  27  4:16  Probe (Chrono Boost)  
  28  4:19  Probe (Chrono Boost)  
  28  4:22  Probe (Chrono Boost)  
  30  4:26  Probe  
  31  4:32  Stalker  
  31  4:35  Probe (Chrono Boost)  
  34  4:42  Probe (Chrono Boost)  
  35  4:47  Probe (Chrono Boost)  
  37  4:55  Probe x2 (Chrono Boost), Blink (Chrono Boost)  
  38  5:03  Probe (Chrono Boost)  
  38  5:04  Probe (Chrono Boost)  
  40  5:14  Pylon  
  40  5:15  Probe (Chrono Boost)  
  42  5:21  Probe (Chrono Boost)  
  42  5:24  Probe (Chrono Boost)  
  42  5:27  Probe (Chrono Boost)  
  44  5:30  Stalker  
  44  5:34  Stalker  
  48  5:35  Probe (Chrono Boost)  
  48  5:36  Probe (Chrono Boost)  
  48  5:41  Probe (Chrono Boost)  
  48  5:42  Probe  
  51  5:53  Probe  
  51  5:55  Sentry  
  51  5:57  Probe  
  52  6:04  Nexus  
  52  6:06  Probe  
  52  6:09  Probe  
  54  6:13  Stalker  
  54  6:18  Probe  
  57  6:21  Assimilator  
  57  6:25  Stalker, Probe  
  59  6:30  Probe  
  59  6:32  Pylon  
  61  6:36  Pylon  
  61  6:37  Shield Battery  
  61  6:40  Probe  
  61  6:44  Pylon  
  62  6:50  Oracle  
  62  6:51  Stalker, Sentry  
  62  6:52  Probe  
  70  6:54  Probe  
  70  6:56  Pylon  
  71  7:03  Pylon  
  71  7:05  Probe  
  72  7:09  Probe  
  72  7:14  Stalker x2  
  77  7:16  Probe (Chrono Boost)  
  77  7:19  Gateway  
  77  7:20  Probe (Chrono Boost)  
  77  7:22  Gateway  
  80  7:27  Robotics Facility  
  80  7:28  Probe x2 (Chrono Boost)  
  80  7:29  Oracle (Chrono Boost)  
  82  7:33  Probe (Chrono Boost)  
  82  7:34  Probe (Chrono Boost)  
  82  7:36  Probe (Chrono Boost)  
  87  7:40  Assimilator  
  87  7:41  Probe  
  89  7:44  Probe  
  89  7:48  Probe  
  89  7:51  Stalker x2  
  94  7:58  Assimilator  
  94  8:00  Pylon, Probe  
  94  8:05  Gateway  
  95  8:06  Forge  
  95  8:15  Observer  
  95  8:19  Robotics Bay  
  96  8:26  Robotics Facility  
  96  8:31  Nexus  
  96  8:36  Stalker x3, Pylon  
  96  8:40  Probe  
  103  8:42  Probe  
  103  8:43  Probe  
  103  8:47  Pylon  
  105  9:00  Shield Battery  
  105  9:02  Shield Battery  
  105  9:07  Stalker x2  
  105  9:08  Stalker x2  
  113  9:10  Stalker  
  113  9:14  Shield Battery  
  115  9:18  Shield Battery  
Show
View Real Time Build Order
Export as new Build Order

Astrea Protoss - Winner!

Build Orders: Oracle Opening 

Get SALT Encoding   

  12  0:00  Probe  
  13  0:12  Probe  
  14  0:17  Pylon  
  14  0:24  Probe (Chrono Boost)  
  15  0:36  Probe (Chrono Boost), Gateway  
  16  0:44  Probe (Chrono Boost)  
  16  0:45  Assimilator  
  17  0:51  Probe  
  17  0:53  Assimilator  
  18  1:03  Probe (Chrono Boost)  
  19  1:13  Probe (Chrono Boost)  
  19  1:17  Probe (Chrono Boost)  
  20  1:24  Cybernetics Core  
  21  1:29  Probe  
  22  1:33  Pylon  
  22  1:34  Pylon  
  22  1:41  Probe  
  23  1:53  Probe  
  26  1:59  Stargate  
  26  2:00  Stalker (Chrono Boost)  
  26  2:05  Warp Gate  
  26  2:07  Probe  
  27  2:11  Shield Battery  
  27  2:22  Stalker (Chrono Boost)  
  29  2:36  Probe  
  30  2:38  Pylon  
  29  2:46  Oracle (Chrono Boost)  
  32  2:55  Nexus  
  32  3:00  Shield Battery  
  32  3:03  Probe  
  33  3:15  Probe  
  33  3:19  Oracle (Chrono Boost)  
  37  3:27  Probe  
  38  3:34  Pylon  
  38  3:45  Probe  
  38  3:47  Shield Battery  
  39  3:53  Stalker  
  41  3:57  Probe  
  40  4:11  Robotics Facility  
  40  4:14  Shield Battery  
  38  4:25  Probe x2  
  40  4:33  Stalker  
  40  4:37  Probe (Chrono Boost)  
  44  4:41  Probe (Chrono Boost)  
  44  4:48  Probe (Chrono Boost)  
  44  4:51  Probe (Chrono Boost)  
  46  4:53  Probe (Chrono Boost)  
  46  4:59  Observer (Chrono Boost)  
  48  5:01  Probe  
  48  5:06  Pylon, Probe  
  50  5:07  Phoenix  
  50  5:08  Stalker  
  50  5:13  Probe  
  55  5:18  Probe  
  55  5:19  Immortal (Chrono Boost)  
  56  5:25  Probe  
  61  5:30  Probe  
  62  5:36  Pylon  
  62  5:38  Assimilator  
  62  5:40  Probe  
  63  5:44  Probe  
  64  5:50  Immortal (Chrono Boost)  
  64  5:52  Pylon  
  64  5:55  Probe  
  69  6:06  Nexus  
  69  6:10  Probe x2  
  71  6:18  Stalker  
  71  6:22  Probe x2  
  71  6:25  Assimilator  
  75  6:29  Forge  
  75  6:30  Twilight Council  
  75  6:35  Probe  
  76  6:40  Gateway  
  76  6:41  Gateway  
  77  6:47  Probe x2  
  78  6:59  Probe x2  
  78  7:01  Gateway  
  80  7:02  Protoss Ground Weapons Level 1 (Chrono Boost)  
  80  7:03  Observer, Gateway  
  80  7:08  Charge (Chrono Boost)  
  80  7:11  Probe x2  
  82  7:18  Probe  
  83  7:23  Probe  
  83  7:24  Observer, Probe  
  86  7:30  Nexus  
  86  7:31  Probe  
  86  7:34  Pylon  
  86  7:35  Probe  
  86  7:36  Templar Archives, Probe  
  89  7:40  Sentry, Assimilator  
  89  7:43  Probe  
  92  7:46  Pylon  
  92  7:47  Probe  
  92  7:48  Probe  
  94  7:52  Gateway  
  94  7:54  Gateway  
  94  7:55  Probe  
  95  7:58  Adept  
  95  7:59  Probe, Gateway  
  95  8:00  Gateway  
  95  8:03  Probe  
  99  8:07  Probe  
  99  8:09  Warp Prism (Chrono Boost)  
  99  8:12  High Templar x2  
  106  8:13  High Templar x2  
  106  8:17  Archon x2  
  106  8:18  Pylon  
  110  8:21  Zealot  
  110  8:24  Probe x2  
  114  8:29  Pylon  
  114  8:39  Probe x2  
  114  8:40  Probe  
  114  8:41  Photon Cannon  
  116  8:45  Observer, High Templar  
  116  8:46  High Templar x2  
  116  8:47  Zealot x2  
  127  8:48  High Templar  
  127  8:52  Archon x2, Gateway x2  
  129  8:58  Zealot x3  
  135  9:05  Pylon  
  135  9:10  Pylon  
  135  9:16  Zealot x2  
  139  9:23  Pylon x2  
Tags
 
Add a new tag
Caveats
  • Supply blocks, unpowered buildings, or Contaminate may cause inaccurate times.
  • Supply counts are checked every 10 seconds.